ITL
CHATTANOOGA CHINPOKOMON @ DETROIT X-WINGS
05/31/2028
 
TOP OF THE 1ST
Chattanooga Chinpokomon batting - Pitching for Detroit X-Wings : RHP Júlio Ruíz
Pitching: RHP Júlio Ruíz
Batting: RHB Patrick Potts 0-0: Fly out, F9 (Flyball, 9S)
Batting: RHB Cristo García 0-0: Ball
1-0: Ball
2-0: Called Strike
2-1: DOUBLE (Flyball, 7D)
Batting: RHB Jesús Tisnado 0-0: Called Strike
0-1: SINGLE (Groundball, 6MD)
Cristo García to third
Runner from 3rd tries for Home, throw and OUT!
Batting: RHB Ramiro Chávez 0-0: Hit by Pitch
Jesús Tisnado to second
Batting: RHB Irving Galloway 0-0: Called Strike
0-1: Ball
1-1: Ball
2-1: Ball
3-1: Base on Balls
Jesús Tisnado to third
Ramiro Chávez to second
Batting: SHB Roberto Rivera 0-0: Ball
1-0: Ground out 4-3 (Groundball, 34D)
Top of the 1st over - 0 run(s), 2 hit(s), 0 error(s), 3 left on base; Chattanooga 0 - Detroit 0
BOTTOM OF THE 1ST
Detroit X-Wings batting - Pitching for Chattanooga Chinpokomon : LHP Dwight Livingston
Pitching: LHP Dwight Livingston
Batting: RHB Júlio López 0-0: SINGLE (Line Drive, 8LS)
Batting: RHB Gary Witt 0-0: Ball
1-0: Ball
2-0: Called Strike
2-1: Foul Ball, location: 2F
2-2: SINGLE (Groundball, 34S) (infield hit)
Júlio López to second
Batting: LHB Juan Colón 0-0: Ball
1-0: Foul Ball, location: 2F
1-1: Swinging Strike
1-2: Ball
2-2: Strikes out swinging
Batting: RHB Jaime Contreras 0-0: Swinging Strike
0-1: Swinging Strike
0-2: Ball
1-2: Strikes out swinging
Batting: LHB Chris Loudermilk 0-0: Called Strike
0-1: Ball
1-1: Fielders Choice at 2nd, 4-6 (Groundball, 4)
Bottom of the 1st over - 0 run(s), 2 hit(s), 0 error(s), 1 left on base; Chattanooga 0 - Detroit 0
TOP OF THE 2ND
Chattanooga Chinpokomon batting - Pitching for Detroit X-Wings : RHP Júlio Ruíz
Batting: RHB Jim Beck 0-0: Called Strike
0-1: Ball
1-1: Ball
2-1: Ball
3-1: Base on Balls
Batting: RHB Kyung-bok Cho 0-0: Called Strike
0-1: Called Strike
0-2: Ball
1-2: Foul Ball, location: 2F
1-2: Ball
2-2: Ball
3-2: Strikes out swinging
Batting: RHB Donald White 0-0: Called Strike
0-1: Ball
1-1: Bunted foul
1-2: Ball
2-2: Ball
3-2: Base on Balls
Jim Beck to second
Batting: RHB Patrick Potts 0-0: SINGLE (Groundball, 3D)
Jim Beck to third
Donald White to second
Runner from 3rd tries for Home, SAFE, no throw
Batting: RHB Cristo García 0-0: Ball
1-0: Called Strike
1-1: Swinging Strike
1-2: Foul Ball, location: 2F
1-2: Strikes out swinging
Batting: RHB Jesús Tisnado 0-0: Called Strike
0-1: Foul Ball, location: 2F
0-2: Fly out, F6 (Flyball, 6D)
Top of the 2nd over - 1 run(s), 1 hit(s), 0 error(s), 2 left on base; Chattanooga 1 - Detroit 0
BOTTOM OF THE 2ND
Detroit X-Wings batting - Pitching for Chattanooga Chinpokomon : LHP Dwight Livingston
Batting: RHB John Moore 0-0: Ball
1-0: Fly out, F8 (Flyball, 8LD)
Batting: RHB Enrique Aguilar 0-0: Ball
1-0: Swinging Strike
1-1: Ground out 4-3 (Groundball, 4)
Batting: RHB Oliver Acevedo 0-0: Swinging Strike
0-1: Foul Ball, location: 2F
0-2: Strikes out swinging
Bottom of the 2nd over - 0 run(s), 0 hit(s), 0 error(s), 0 left on base; Chattanooga 1 - Detroit 0
TOP OF THE 3RD
Chattanooga Chinpokomon batting - Pitching for Detroit X-Wings : RHP Júlio Ruíz
Batting: RHB Ramiro Chávez 0-0: Swinging Strike
0-1: Ball
1-1: Ball
2-1: Ball
3-1: Called Strike
3-2: Base on Balls
Batting: RHB Irving Galloway 0-0: Ball
1-0: Swinging Strike
1-1: Foul Ball, location: 2F
1-2: Strikes out swinging
Batting: SHB Roberto Rivera 0-0: Foul Ball, location: 2F
0-1: Foul Ball, location: 2F
0-2: 2-RUN HOME RUN (Flyball, 8RXD), Distance : 406 ft
Batting: RHB Jim Beck 0-0: Ball
1-0: Ball
2-0: Foul Ball, location: 2F
2-1: Foul Ball, location: 2F
2-2: Strikes out swinging
Batting: RHB Kyung-bok Cho 0-0: Ground out 4-3 (Groundball, 4M)
Top of the 3rd over - 2 run(s), 1 hit(s), 0 error(s), 0 left on base; Chattanooga 3 - Detroit 0
BOTTOM OF THE 3RD
Detroit X-Wings batting - Pitching for Chattanooga Chinpokomon : LHP Dwight Livingston
Batting: SHB Felipe Detorres 0-0: SINGLE (Groundball, 56D)
Batting: RHB Júlio López 0-0: Ball
1-0: Ball
2-0: Ball
3-0: Swinging Strike
3-1: Foul Ball, location: 2F
3-2: Strikes out swinging
Batting: RHB Gary Witt 0-0: Ball
1-0: SINGLE (Line Drive, 3)
Felipe Detorres to second
Batting: LHB Juan Colón 0-0: Ball
1-0: Called Strike
1-1: Foul Ball, location: 2F
1-2: Strikes out swinging
Batting: RHB Jaime Contreras 0-0: Ball
1-0: Ground out 6-3 (Groundball, 6)
Bottom of the 3rd over - 0 run(s), 2 hit(s), 0 error(s), 2 left on base; Chattanooga 3 - Detroit 0
TOP OF THE 4TH
Chattanooga Chinpokomon batting - Pitching for Detroit X-Wings : RHP Júlio Ruíz
Batting: RHB Donald White 0-0: Foul Ball, location: 2F
0-1: Called Strike
0-2: Single, Error in OF, E9, batter to second base
Batting: RHB Patrick Potts 0-0: Called Strike
0-1: Foul Ball, location: 2F
0-2: Ball
Wild Pitch!
Donald White to third
1-2: DOUBLE (Flyball, 89XD)
Donald White scores
Batting: RHB Cristo García 0-0: Ball
1-0: Fly out, F4 (Popup, 4)
Batting: RHB Jesús Tisnado 0-0: Ball
Patrick Potts steals 3rd base
1-0: Ball
2-0: Swinging Strike
2-1: Ball
3-1: Base on Balls
Batting: RHB Ramiro Chávez 0-0: Called Strike
0-1: Foul Ball, location: 2F
0-2: Ball
1-2: Strikes out swinging
Batting: RHB Irving Galloway 0-0: Called Strike
0-1: Ball
1-1: SINGLE (Flyball, 9S)
Patrick Potts scores
Jesús Tisnado to second
Runner from 2nd tries for 3rd, OUT!
Top of the 4th over - 2 run(s), 3 hit(s), 1 error(s), 1 left on base; Chattanooga 5 - Detroit 0
BOTTOM OF THE 4TH
Detroit X-Wings batting - Pitching for Chattanooga Chinpokomon : LHP Dwight Livingston
Batting: LHB Chris Loudermilk 0-0: Called Strike
0-1: Called Strike
0-2: Ball
1-2: Strikes out swinging
Batting: RHB John Moore 0-0: Ball
1-0: Called Strike
1-1: Foul Ball, location: 2F
1-2: Foul Ball, location: 2F
1-2: Fly out, F8 (Flyball, 8LM)
Batting: RHB Enrique Aguilar 0-0: Called Strike
0-1: DOUBLE (Line Drive, 8LM)
Batting: RHB Oliver Acevedo 0-0: Swinging Strike
0-1: Fly out, F5 (Line Drive, 5S)
Bottom of the 4th over - 0 run(s), 1 hit(s), 0 error(s), 1 left on base; Chattanooga 5 - Detroit 0
TOP OF THE 5TH
Chattanooga Chinpokomon batting - Pitching for Detroit X-Wings : RHP Júlio Ruíz
Batting: SHB Roberto Rivera 0-0: Ball
1-0: Swinging Strike
1-1: SINGLE (Groundball, 34D)
Batting: RHB Jim Beck 0-0: Ball
1-0: Ball
2-0: Called Strike
2-1: Ball
3-1: Foul Ball, location: 2F
3-2: Foul Ball, location: 2F
3-2: Base on Balls
Roberto Rivera to second
Batting: RHB Kyung-bok Cho 0-0: TRIPLE (Flyball, 8RD)
Roberto Rivera scores
Jim Beck scores
Pitching: LHP Javier Duarte
Batting: RHB Donald White 0-0: Ball
1-0: Fly out, F9 (Flyball, 9S)
Batting: RHB Patrick Potts 0-0: Swinging Strike
0-1: Ball
1-1: Foul Ball, location: 2F
1-2: Ball
2-2: Strikes out swinging
Batting: RHB Cristo García 0-0: Ball
1-0: Ball
2-0: Ground out 5-3 (Groundball, 5L)
Top of the 5th over - 2 run(s), 2 hit(s), 0 error(s), 1 left on base; Chattanooga 7 - Detroit 0
BOTTOM OF THE 5TH
Detroit X-Wings batting - Pitching for Chattanooga Chinpokomon : LHP Dwight Livingston
Batting: SHB Felipe Detorres 0-0: SINGLE (Groundball, 6MD)
Batting: RHB Júlio López 0-0: Ball
1-0: Swinging Strike
1-1: Foul Ball, location: 2F
1-2: Strikes out swinging
Batting: RHB Gary Witt 0-0: Swinging Strike
0-1: Called Strike
0-2: Strikes out swinging
Batting: LHB Juan Colón 0-0: Ball
1-0: Called Strike
1-1: Foul Ball, location: 2F
Pickoff Throw to First - Out!
Bottom of the 5th over - 0 run(s), 1 hit(s), 0 error(s), 0 left on base; Chattanooga 7 - Detroit 0
TOP OF THE 6TH
Chattanooga Chinpokomon batting - Pitching for Detroit X-Wings : LHP Javier Duarte
Batting: RHB Jesús Tisnado 0-0: Ball
1-0: Ball
2-0: Ball
3-0: Base on Balls
Batting: RHB Ramiro Chávez 0-0: Called Strike
0-1: Ball
1-1: Fly out, F4 (Popup, 4)
Batting: RHB Irving Galloway 0-0: SINGLE (Flyball, 9LS)
Jesús Tisnado to second
Runner from 2nd tries for 3rd, SAFE, throw made to third
Batting: SHB Roberto Rivera 0-0: Swinging Strike
0-1: Ball
1-1: Foul Ball, location: 2F
1-2: Foul Ball, location: 2F
1-2: Strikes out swinging
Batting: RHB Jim Beck 0-0: Ball
1-0: Ball
2-0: Ball
3-0: Called Strike
3-1: Called Strike
3-2: Foul Ball, location: 2F
3-2: SINGLE (Line Drive, 8RS)
Jesús Tisnado scores
Irving Galloway to second
Irving Galloway to third
Batting: RHB Kyung-bok Cho 0-0: Ball
1-0: Ball
2-0: Fly out, F9 (Flyball, 9S)
Top of the 6th over - 1 run(s), 2 hit(s), 0 error(s), 2 left on base; Chattanooga 8 - Detroit 0
BOTTOM OF THE 6TH
Detroit X-Wings batting - Pitching for Chattanooga Chinpokomon : LHP Dwight Livingston
Batting: LHB Juan Colón 0-0: Ball
1-0: Fly out, F7 (Line Drive, 78M)
Batting: RHB Jaime Contreras 0-0: Foul Ball, location: 2F
0-1: Ball
1-1: Swinging Strike
1-2: Ground out 4-3 (Groundball, 4M)
Batting: LHB Chris Loudermilk 0-0: Ground out 6-3 (Groundball, 6S)
Bottom of the 6th over - 0 run(s), 0 hit(s), 0 error(s), 0 left on base; Chattanooga 8 - Detroit 0
TOP OF THE 7TH
Chattanooga Chinpokomon batting - Pitching for Detroit X-Wings : LHP Javier Duarte
Batting: RHB Donald White 0-0: Called Strike
0-1: Called Strike
0-2: Foul Ball, location: 2F
0-2: Ball
1-2: Strikes out swinging
Batting: RHB Patrick Potts 0-0: Foul Ball, location: 2F
0-1: Ball
1-1: Fly out, F7 (Flyball, 7LM)
Batting: RHB Cristo García 0-0: Called Strike
0-1: Ball
1-1: Fly out, F7 (Flyball, 7D)
Top of the 7th over - 0 run(s), 0 hit(s), 0 error(s), 0 left on base; Chattanooga 8 - Detroit 0
BOTTOM OF THE 7TH
Detroit X-Wings batting - Pitching for Chattanooga Chinpokomon : LHP Dwight Livingston
Batting: RHB John Moore 0-0: Ball
1-0: Called Strike
1-1: Ball
2-1: Swinging Strike
2-2: Ball
3-2: Base on Balls
Batting: RHB Enrique Aguilar 0-0: Ball
1-0: Called Strike
1-1: Foul Ball, location: 2F
1-2: Ball
2-2: Reached on error, E1 (Groundball, 13S)
John Moore to second
Batting: RHB Oliver Acevedo 0-0: Ball
1-0: Ball
2-0: Grounds into double play, 6-4-3 (Groundball, 6)
John Moore to third
Batting: SHB Felipe Detorres 0-0: Ground out 3-1 (Groundball, 34)
Bottom of the 7th over - 0 run(s), 0 hit(s), 1 error(s), 1 left on base; Chattanooga 8 - Detroit 0
TOP OF THE 8TH
Chattanooga Chinpokomon batting - Pitching for Detroit X-Wings : LHP Javier Duarte
Batting: RHB Jesús Tisnado 0-0: Ball
1-0: Swinging Strike
1-1: Called Strike
1-2: Foul Ball, location: 2F
1-2: Foul Ball, location: 2F
1-2: Foul Ball, location: 2F
1-2: Foul Ball, location: 2F
1-2: Foul Ball, location: 2F
1-2: Foul Ball, location: 2F
1-2: Foul Ball, location: 2F
1-2: Ball
2-2: SINGLE (Line Drive, 6MD)
Pitching: RHP Felipe Téllez
Batting: RHB Ramiro Chávez 0-0: Ball
1-0: Foul Ball, location: 2F
1-1: Foul Ball, location: 2F
1-2: Ball
2-2: Foul Ball, location: 2F
2-2: Hit by Pitch
Jesús Tisnado to second
Batting: RHB Irving Galloway 0-0: Foul Ball, location: 2F
0-1: Foul Ball, location: 2F
0-2: Ball
1-2: Ball
2-2: Foul Ball, location: 2F
2-2: Strikes out swinging
Batting: SHB Roberto Rivera 0-0: Swinging Strike
0-1: Foul Ball, location: 2F
0-2: Strikes out swinging
Batting: RHB Jim Beck 0-0: Ball
1-0: Ball
2-0: Fly out, F7 (Flyball, 78XD)
Top of the 8th over - 0 run(s), 1 hit(s), 0 error(s), 2 left on base; Chattanooga 8 - Detroit 0
BOTTOM OF THE 8TH
Detroit X-Wings batting - Pitching for Chattanooga Chinpokomon : LHP Dwight Livingston
Now at SS: Fernando Pérez
Now in RF: Manuel Ortega
Batting: RHB Júlio López 0-0: Called Strike
0-1: Fly out, F8 (Line Drive, 8LM)
Batting: RHB Gary Witt 0-0: Foul Ball, location: 2F
0-1: Ball
1-1: Ball
2-1: Ball
3-1: SINGLE (Groundball, 56D)
Batting: LHB Juan Colón 0-0: Ball
1-0: Fly out, F7 (Flyball, 78M)
Batting: RHB Jaime Contreras 0-0: Called Strike
0-1: Ball
1-1: Foul Ball, location: 2F
1-2: Ball
2-2: Strikes out swinging
Bottom of the 8th over - 0 run(s), 1 hit(s), 0 error(s), 1 left on base; Chattanooga 8 - Detroit 0
TOP OF THE 9TH
Chattanooga Chinpokomon batting - Pitching for Detroit X-Wings : RHP Felipe Téllez
Batting: RHB Kyung-bok Cho 0-0: Foul Ball, location: 2F
0-1: Called Strike
0-2: Ball
1-2: Strikes out swinging
Pinch Hitting: RHB Luis Antonio Velásquez 0-0: Ball
1-0: Ball
2-0: Ball
3-0: Called Strike
3-1: Base on Balls
Batting: RHB Patrick Potts 0-0: Ball
1-0: Ball
2-0: Called Strike
2-1: Ball
3-1: Base on Balls
Luis Antonio Velásquez to second
Batting: RHB Cristo García 0-0: Ball
1-0: Swinging Strike
1-1: Swinging Strike
1-2: Ball
2-2: Foul Ball, location: 2F
2-2: Strikes out swinging
Batting: RHB Jesús Tisnado 0-0: Called Strike
0-1: Ball
1-1: Called Strike
1-2: SINGLE (Groundball, 6MD)
Luis Antonio Velásquez to third
Patrick Potts to second
Runner from 3rd tries for Home, SAFE, throw made at trailing runner, SAFE at third!
Batting: RHB Fernando Pérez 0-0: Ball
1-0: Foul Ball, location: 2F
1-1: Foul Ball, location: 2F
1-2: Ball
2-2: Foul Ball, location: 2F
2-2: Foul Ball, location: 2F
2-2: Ball
3-2: Strikes out looking
Top of the 9th over - 1 run(s), 1 hit(s), 0 error(s), 2 left on base; Chattanooga 9 - Detroit 0
BOTTOM OF THE 9TH
Detroit X-Wings batting - Pitching for Chattanooga Chinpokomon : LHP Dwight Livingston
Pitching: LHP Mario Solíz
Now at 1B: Juan Pérez
Now in LF: Tucker Flowers
Batting: LHB Chris Loudermilk 0-0: Called Strike
0-1: Called Strike
0-2: Foul Ball, location: 2F
0-2: Foul Ball, location: 2F
0-2: Ball
1-2: Strikes out swinging
Batting: RHB John Moore 0-0: Ball
1-0: Foul Ball, location: 2F
1-1: Ball
2-1: Ball
3-1: Base on Balls
Batting: RHB Enrique Aguilar 0-0: Called Strike
0-1: Ball
1-1: SINGLE (Line Drive, 9S)
John Moore to second
Batting: RHB Oliver Acevedo 0-0: Swinging Strike
0-1: Ball
1-1: Ball
2-1: Fly out, F4 (Popup, 34)
Batting: SHB Felipe Detorres 0-0: Fielders Choice at 2nd, 4-6 (Groundball, 4)
Bottom of the 9th over - 0 run(s), 1 hit(s), 0 error(s), 1 left on base; Chattanooga 9 - Detroit 0
Tuesday, August 8th, 2017 - OOTP Baseball 17.12 Build 75